 Dungeon Crawl Stone Soup version 0.18.1-50-g88ac8fd (webtiles) character file.

483 KarmaPolice the Vexing (level 6, -1/41 HPs)
             Began as a Vampire Enchanter on Sept 21, 2016.
             Slain by a yak (14 damage)
             ... on level 5 of the Dungeon.
             The game lasted 00:18:07 (6506 turns).

KarmaPolice the Vexing (Vampire Enchanter)          Turns: 6506, Time: 00:18:08

Health: -1/41      AC:  3    Str:  8    XL:     6   Next: 87%
Magic:  1/11       EV: 13    Int: 17    God:
Gold:   276        SH:  0    Dex: 16    Spells: 3 memorised, 6 levels left

rFire  . . .     SeeInvis +     a - +1 dagger
rCold  + . .     Gourm    .     b - +1 robe
rNeg   + + .     Faith    .     (no shield)
rPois  +         Spirit   .     (no helmet)
rElec  .         Dismiss  .     (no cloak)
rCorr  .         Reflect  .     (no gloves)
SustAt .         Harm     .     (no boots)
MR     .....                    (no amulet)
Stlth  ++++......               (no ring)
                                (no ring)

@: very slightly contaminated, regenerating slowly, not resistant to hostile
enchantments, stealthy
A: fangs 3, see invisible, unbreathing
a: Bat Form


You were on level 5 of the Dungeon.
You were very thirsty.

You visited 1 branch of the dungeon, and saw 6 of its levels.

You collected 276 gold pieces.

Inventory:

Hand Weapons
 a - a +1 dagger (weapon)
Armour
 b - a +1 robe (worn)
 j - a cursed +0 robe
 r - a +0 cloak
Jewellery
 o - a cursed ring of teleportation {unknown}
 y - an uncursed ring of stealth {unknown}
 z - an uncursed ring of flight {unknown}
Scrolls
 e - 5 scrolls of identify {unknown}
 f - 2 scrolls of fear {unknown}
 g - 2 scrolls of amnesia {unknown}
 h - 2 scrolls of enchant armour {unknown}
 k - 3 scrolls of fog {unknown}
 n - a scroll of immolation {unknown}
 p - 4 scrolls of remove curse {unknown}
 s - a scroll of noise {unknown}
 t - 2 scrolls of magic mapping {unknown}
 u - a scroll of recharging {unknown}
 v - a scroll of blinking {unknown}
 x - a scroll of random uselessness {unknown}
 A - a scroll of teleportation {unknown}
Potions
 d - a potion of blood
 i - 3 potions of might {unknown}
 l - 2 potions of degeneration {unknown}
 m - 2 potions of heal wounds {unknown}
 q - a potion of agility {unknown}
 w - a potion of haste {unknown}
Books
 c - a book of Maledictions

   Spells                             Type                      Level
   a - Corona                         Hexes                        1
   b - Ensorcelled Hibernation        Hexes/Ice                    2
   c - Confuse                        Hexes                        3
   d - Tukima's Dance                 Hexes                        3
   e - Dazzling Spray                 Conjuration/Hexes            3


   Skills:
 + Level 3.8 Short Blades
 - Level 2.1 Dodging
 - Level 5.3 Stealth
 + Level 3.7 Spellcasting
 + Level 6.8 Hexes
 + Level 2.9 Ice Magic


You had 6 spell levels left.
You knew the following spells:

 Your Spells              Type           Power        Failure   Level  Hunger
a - Corona                Hex            ####...      1%          1    None
b - Ensorcelled Hibernat  Hex/Ice        ###...       3%          2    ##.....
c - Confuse               Hex            ####....     3%          3    ###....


Dungeon Overview and Level Annotations

Branches:
Dungeon (6/15)
 Temple: D:4-7

Altars:
Fedhas
Gozag
Makhleb
Nemelex Xobeh
Qazlal
Ru
Xom
The Shining One

Annotations:
D:4 Drunkenshrew's ghost, amateur DrVM
D:5 Tagedieb's ghost, novice OpEn


Innate Abilities, Weirdness & Mutations

You heal slowly.
You have razor-sharp teeth.
You have supernaturally acute eyesight.
You can survive without breathing.


Message History

Casting: Ensorcelled Hibernation
Confirm with . or Enter, or press ? or * to list all spells.
Aiming: Ensorcelled Hibernation
Press: ? - help, Shift-Dir - straight line, f/p - yak
Aim: a yak (chance to defeat MR: 50%)
The yak resists with some effort.
The yak barely misses you. x2
Casting: Ensorcelled Hibernation
Confirm with . or Enter, or press ? or * to list all spells.
Aiming: Ensorcelled Hibernation
Press: ? - help, Shift-Dir - straight line, f/p - yak
Aim: a yak (chance to defeat MR: 50%)
The yak resists with some effort.
The yak barely misses you. x2
Casting: Ensorcelled Hibernation
Confirm with . or Enter, or press ? or * to list all spells.
You don't have enough magic to cast that spell.
Unknown command.
You hit the yak but do no damage. You bite the yak, but do no damage.
The yak is almost dead.
The yak gores you!
You die...

###### ##..... .......
.≈≈.≈..## ≈≈≈≈≈≈..#
###P≈≈≈....#######
#@Y..≈≈≈..........
#Y#......#....#.##
###...##.....##.#.##
#......#####.##.#...
#......##....#.....#
#...................
#######......##.#####.....
#...............# #.....
#..%..........### #.....


You could see 2 yaks.

Vanquished Creatures
  A howler monkey (D:5)
  A centaur zombie (D:5)
  2 giant frog zombies (D:5)
  A hound (D:4)
  An orc wizard (D:4)
  A worker ant (D:5)
  2 killer bee zombies (D:5)
  A hound zombie (D:5)
  A hound skeleton (D:4)
  A worker ant zombie (D:5)
  7 gnolls
  5 adders
  A river rat (D:3)
  A shadow imp (D:5)
  An ooze (D:4)
  An adder skeleton (D:5)
  An adder zombie (D:5)
  3 worms
  A dart slug (D:3)
  A giant gecko (D:6)
  2 orcs (D:4)
  2 giant cockroaches
  2 goblins
  4 hobgoblins
  4 jackals (D:1)
  A quokka (D:3)
  3 bats (D:3)
  A giant gecko skeleton (D:5)
  3 giant newts
  A jackal skeleton (D:5)
  6 kobolds
  6 rats
69 creatures vanquished.

Notes
Turn   | Place    | Note
--------------------------------------------------------------
     0 | D:1      | KarmaPolice the Vampire Enchanter began the quest for the Orb.
     0 | D:1      | Reached XP level 1. HP: 13/13 MP: 3/3
   975 | D:1      | Reached XP level 2. HP: 16/19 MP: 3/5
  1297 | D:1      | Learned a level 2 spell: Ensorcelled Hibernation
  1860 | D:2      | Found a burning altar of Makhleb.
  1914 | D:2      | You fall through a shaft for 2 floors!
  1937 | D:4      | Reached skill level 5 in Stealth
  1937 | D:4      | Reached skill level 5 in Hexes
  1937 | D:4      | Reached XP level 3. HP: 7/24 MP: 0/6
  1971 | D:4      | Noticed Drunkenshrew's ghost (amateur DrVM)
  2624 | D:3      | Reached XP level 4. HP: 30/30 MP: 4/7
  3587 | D:4      | Reached skill level 1 in Ice Magic
  3597 | D:4      | Learned a level 3 spell: Confuse
  3613 | D:4      | Found a stormy altar of Qazlal.
  3615 | D:4      | Found a glowing golden altar of the Shining One.
  3892 | D:4      | Reached XP level 5. HP: 25/35 MP: 6/9
  4678 | D:4      | Found a sparkling altar of Nemelex Xobeh.
  4678 | D:4      | Found a shimmering altar of Xom.
  4834 | D:4      | Found a glowing golden altar of the Shining One.
  5029 | D:4      | Reached skill level 6 in Hexes
  5450 | D:5      | Entered Level 5 of the Dungeon
  5453 | D:5      | Reached XP level 6. HP: 36/41 MP: 9/11
  6361 | D:5      | Found an opulent altar of Gozag.
  6361 | D:5      | Found a blossoming altar of Fedhas.
  6363 | D:5      | Found a sacrificial altar of Ru.
  6370 | D:5      | Noticed Tagedieb's ghost (novice OpEn)
  6494 | D:6      | Noticed a yak
  6494 | D:6      | Noticed a yak
  6494 | D:6      | Noticed a yak
  6498 | D:6      | Noticed a yak
  6506 | D:5      | Slain by a yak

Skill      XL: |  1  2  3  4  5 |
---------------+----------------+-----
Short Blades   | 2 3 |  3.8
Stealth        | 5 |  5.3
Hexes          | 5 6 |  6.8
Ice Magic      | 1 2 |  2.9
Spellcasting   | 3 |  3.7
Dodging        | |  2.1

Action                   |  1- 3 |  4- 6 || total
-------------------------+-------+-------++-------
Melee: Dagger            |    63 |   154 ||   217
       Bite              |     6 |    15 ||    21
       Unarmed           |     2 |       ||     2
 Cast: Corona            |    10 |    13 ||    23
       Ensorcelled Hiber |    13 |    32 ||    45
       Confuse           |       |     8 ||     8
 Abil: End Transformatio |     1 |       ||     1
       Bat Form          |     1 |       ||     1
  Use: Potion            |     2 |     3 ||     5
 Stab: Sleeping          |    13 |    25 ||    38
       Distracted        |       |     1 ||     1
       Confused          |       |     8 ||     8
  Eat: Corpse            |       |     1 ||     1
Armor: Robe              |     7 |    25 ||    32
Dodge: Dodged            |    61 |    85 ||   146
